AoeStats
← 法式奶油煎餅佐奶油泥

MegaRandom

509672178Analyzed
4v4 RM · 6d ago on Sep 27, 2026· 24m 18s· 8 players
Game mode
Random Map
Map size
Large (8 player)
Population
200
Speed
Normal
Resources
Standard
Victory
Conquest
Starting age
Dark Age
Ending age
Imperial Age
RankedLock teamsTeams togetherTeam positionsShared explorationLock speedFull tech treeHidden civsTurbo modeCheats
Victory
Defeat
🇭🇰 Varangians · Hong Kong SAR China
1232
+15
🇲🇽 Italians · Mexico
1230
+15
🇨🇳 Mapuche · China
1229
+15
🇨🇴 Britons · Colombia
1196
+16
🇨🇳 Turks · China
1221
-16
1207
-15
🇹🇼 Saxons · Taiwan
1195
-15
🇹🇼 Mongols · Taiwan
1192
-15
DongHan
7:12 Loom
9:28 Feudal Age
10:26 Double-Bit Axe
13:31 Fletching
16:00 Padded Archer Armor
16:50 Horse Collar
21:20 Castle Age
20:03 Stone Mining
21:28 Crossbowman
22:06 Bodkin Arrow
23:30 Thumb Ring
George
11:19 Feudal Age
13:55 Scale Barding Armor
16:18 Castle Age
15:03 Double-Bit Axe
18:05 Forging
乐嘉风起残云散
6:49 Loom
9:27 Feudal Age
17:11 Forging
17:08 Scale Barding Armor
21:30 Castle Age
20:57 Scale Barding Armor
法式奶油煎餅佐奶油泥
2:19 Loom
12:53 Feudal Age
14:08 Man-at-Arms
15:04 Arson
20:09 Double-Bit Axe
20:21 Fletching
22:19 Town Watch
EsoTilinsito283
8:40 Loom
10:58 Feudal Age
15:28 Castle Age
14:24 Double-Bit Axe
16:23 Scale Barding Armor
naturalandre12
0:48 Loom
16:51 Feudal Age
22:01 Fletching
23:11 Double-Bit Axe
Rogfin
5:43 Loom
9:37 Feudal Age
11:10 Wheelbarrow
10:23 Double-Bit Axe
12:38 Fletching
13:36 Wheelbarrow
16:07 Padded Archer Armor
15:59 Horse Collar
20:15 Castle Age
21:20 Bodkin Arrow
22:56 Bow Saw
24:22 Leather Archer Armor
24:04 Gold Mining
ppeng
8:32 Loom
10:58 Feudal Age
15:37 Castle Age
14:16 Double-Bit Axe
14:13 Horse Collar
15:01 Fletching
15:26 Padded Archer Armor
15:50 Gold Mining
16:38 Bow Saw
17:02 Town Watch
22:55 Wheelbarrow
22:55 Leather Archer Armor
23:44 Bodkin Arrow
Connection lost

Rejoining the realm…

Still unreachable

The connection could not be restored.

Session expired

The server has moved on; the page needs a fresh start.